Nordiques vs Sabres
(R1)
Created - 12 janvier 2013 at 19:29
Goals
|
| Nordiques |
0 |
1 |
1 |
2 |
| Sabres |
1 |
1 |
2 |
4 |
|
Shots
|
| Nordiques |
13 |
9 |
6 |
28 |
| Sabres |
6 |
11 |
13 |
30 |
|
1st period
1. Sabres , Markus Naslund 16 (Daniel Alfredsson) at 1:53 (PP)
Penalties :
Rene Bourque (Que) for Hooking (Minor) at 1:51, Markus Naslund (Buf) for Roughing (Minor) at 11:45, Ladislav Nagy (Buf) for Holding (Minor) at 16:24, Cory Sarich (Que) for Interference (Minor) at 16:24
2nd period
2. Nordiques , Karel Pilar 3 (Mattias Weinhandl, Brian Gionta) at 3:49
3. Sabres , Mats Sundin 10 (Markus Naslund, Michal Rozsival) at 5:29
Penalties :
Dave Tanabe (Buf) for Roughing (Minor) at 0:27, Mike Cammalleri (Que) for Hooking (Minor) at 0:27, Ladislav Nagy (Buf) for Slashing (Minor) at 4:35, Eric Brewer (Que) for Tripping (Minor) at 4:35, Ladislav Nagy (Buf) for High sticking (Minor) at 11:58, Christian Laflamme (Buf) for Tripping (Minor) at 13:27, Dave Scatchard (Que) for Interference (Minor) at 15:40
3rd period
4. Sabres , Mats Sundin 11 (Markus Naslund) at 5:12 (PP)
5. Sabres , Markus Naslund 17 (Mats Sundin) at 10:04 (SH)
6. Nordiques , Mattias Weinhandl 3 (Lubomir Visnovsky, Kris Vernarsky) at 15:54
Penalties :
Cory Sarich (Que) for Slashing (Minor) at 5:06, Markus Naslund (Buf) for Hooking (Minor) at 5:48, Ole-Kristian Tollefsen (Buf) for Slashing (Minor) at 9:13, Eric Brewer (Que) for Boarding (Minor) at 11:46, Daniel Alfredsson (Buf) for Cross-checking (Minor) at 19:51
Goalie Stats
Roberto Luongo (Que), 26 saves from 30 shots - (0,867), L, 12-9-0, 60:00 minutes
Niklas Backstrom (Buf), 26 saves from 28 shots - (0,929), W, 10-13-1, 60:00 minutes
Players Stats for Nordiques
Player Name G A P +/- PIM S H SB GA TA FO MP PP MP PK MP
------------------------------------------------------------------------------------
Alexei Ponikarovsky 0 0 0 2 0 0 1 1 1 0 0/0 8:00 0:00 1:01
Brian Gionta 0 1 1 0 0 1 0 0 0 0 0/0 14:26 4:02 0:00
Chris Phillips 0 0 0 0 0 3 1 2 1 1 0/0 27:47 5:23 1:41
Cory Sarich 0 0 0 0 4 1 2 1 0 0 0/0 13:52 0:00 0:27
Dany Heatley 0 0 0 -1 0 3 3 0 1 0 5/12 22:34 5:28 1:44
Dave Scatchard 0 0 0 2 2 0 0 0 1 0 2/2 7:11 0:00 0:08
Eric Brewer 0 0 0 0 4 1 1 1 0 1 0/0 25:47 5:23 0:51
Ian Moran 0 0 0 0 0 0 1 1 0 1 0/0 13:06 0:00 0:53
Karel Pilar 1 0 1 0 0 1 1 1 1 3 0/0 19:45 4:10 2:10
Kris Vernarsky 0 1 1 0 0 1 2 0 0 1 4/6 11:49 0:15 0:09
Lubomir Visnovsky 0 1 1 0 0 1 1 0 0 0 0/0 19:45 4:10 2:10
Matt Pettinger 0 0 0 0 0 0 2 0 1 1 1/1 12:27 0:15 0:00
Mattias Weinhandl 1 1 2 2 0 2 0 0 0 1 0/0 7:27 0:03 0:00
Mike Cammalleri 0 0 0 -1 2 5 2 0 1 0 0/1 17:13 4:02 0:58
Rene Bourque 0 0 0 -2 2 0 0 0 1 1 0/1 19:50 5:16 0:58
Saku Koivu 0 0 0 -1 0 3 1 1 1 0 10/24 22:41 5:16 2:04
Stephen Weiss 0 0 0 0 0 2 2 0 1 0 5/7 14:26 4:02 0:00
Valeri Bure 0 0 0 0 0 4 1 0 1 0 0/0 11:44 0:00 1:10
Players Stats for Sabres
Player Name G A P +/- PIM S H SB GA TA FO MP PP MP PK MP
------------------------------------------------------------------------------------
Andreas Johansson 0 0 0 -1 0 1 0 0 0 0 0/1 13:24 1:46 1:44
Boyd Devereaux 0 0 0 0 0 0 1 2 0 0 3/7 13:19 0:00 2:14
Brendan Morrison 0 0 0 -1 0 2 2 0 0 0 9/22 19:49 1:46 5:21
Christian Laflamme 0 0 0 0 2 3 0 1 0 0 0/0 18:24 0:00 4:08
Daniel Alfredsson 0 1 1 -1 2 2 3 1 2 2 1/1 20:40 2:09 5:03
Daniel Cleary 0 0 0 0 0 0 0 0 0 0 0/0 2:53 0:00 0:00
Dave Tanabe 0 0 0 0 2 1 0 0 1 1 0/0 20:06 2:00 4:02
Jochen Hecht 0 0 0 0 0 0 1 0 0 0 0/1 7:57 0:00 0:00
Ladislav Nagy 0 0 0 0 6 3 1 0 1 0 0/0 12:24 0:11 0:30
Markus Naslund 2 2 4 1 4 6 0 0 2 1 0/1 18:29 2:09 1:03
Martin Sonnenberg 0 0 0 0 0 0 1 0 1 1 0/1 7:11 0:11 0:00
Mats Sundin 2 1 3 1 0 3 2 0 0 0 13/17 19:38 2:09 2:41
Mattias Timander 0 0 0 0 0 2 3 1 1 1 0/0 22:36 2:06 1:59
Michal Rozsival 0 1 1 1 0 1 1 0 1 2 0/0 20:51 2:00 4:02
Niclas Bergfors 0 0 0 -1 0 1 1 0 1 2 1/2 14:54 1:46 0:00
Niclas Havelid 0 0 0 -1 0 0 0 1 0 0 0/0 20:36 2:06 0:13
Niklas Sundstrom 0 0 0 0 0 4 2 1 0 0 0/1 12:37 0:11 0:00
Ole-Kristian Tollefsen 0 0 0 0 2 1 0 1 0 1 0/0 18:03 0:00 4:41
3 Stars
1 - Mats Sundin (Buf)
2 - Markus Naslund (Buf)
3 - Mattias Weinhandl (Que)
Power Play
Nordiques - 0 on 6 Attempt(s) - 0,00%
Sabres - 2 on 4 Attempt(s) - 50,00%
Penalty Kill
Nordiques - 2 on 4 Attempt(s) - 50,00%
- Score 0 goal in Penalty Kill
Sabres - 6 on 6 Attempt(s) - 100,00%
- Score 1 goal in Penalty Kill
Official
Referees : Auger Stephane and Peel Tim
Linesman : Steve Miller and Jonny Murray
Game Notes
Daniel Cleary is injured at 9:20 of 1st period (Fractured Metatarsal (Right Foot))
Finance
Level 1 -- Attendance: 4297 (71,62%) -- Ticket Income 429 700 $
Level 2 -- Attendance: 3775 (75,50%) -- Ticket Income 226 500 $
Level 3 -- Attendance: 1274 (63,70%) -- Ticket Income 50 960 $
Level 4 -- Attendance: 3611 (90,28%) -- Ticket Income 72 220 $
Luxury Box -- Attendance: 914 (91,40%) -- Ticket Income 169 090 $
Game was played at the Duff Garden
Total Attendance: 13871 (77,06%)
Total Ticket Income: 948 470 $
Total Income: 948 470 $
Nordiques
5 vs 5 Forward
Center Left Wing Right Wing Time % Phy DF OF
1 Saku Koivu Dany Heatley Rene Bourque 40 1 2 2
2 Stephen Weiss Mike Cammalleri Brian Gionta 30 1 2 2
3 Kris Vernarsky Matt Pettinger Valeri Bure 20 1 2 2
4 Dave Scatchard Alexei Ponikarovsky Mattias Weinhandl 10 1 2 2
5 vs 5 Defense
Defense Defense Time % Phy DF OF
1 Chris Phillips Eric Brewer 40 1 2 2
2 Lubomir Visnovsky Karel Pilar 30 1 2 2
3 Cory Sarich Ian Moran 20 1 2 2
4 Chris Phillips Eric Brewer 10 1 2 2
PowerPlay Forward
Center Left Wing Right Wing Time % Phy DF OF
1 Saku Koivu Dany Heatley Rene Bourque 60 1 2 2
2 Stephen Weiss Mike Cammalleri Brian Gionta 40 1 2 2
PowerPlay Defense
Defense Defense Time % Phy DF OF
1 Chris Phillips Eric Brewer 60 1 2 2
2 Lubomir Visnovsky Karel Pilar 40 1 2 2
Penalty Kill 4 Players Forward
Center Wing Time % Phy DF OF
1 Dany Heatley Saku Koivu 60 1 2 2
2 Mike Cammalleri Rene Bourque 40 1 2 2
Penalty Kill 4 Players Defense
Defense Defense Time % Phy DF OF
1 Chris Phillips Eric Brewer 60 1 2 2
2 Lubomir Visnovsky Karel Pilar 40 1 2 2
Penalty Kill - 3 Players Forward
Forward Time % Phy DF OF
1 Dany Heatley 60 1 2 2
2 Saku Koivu 40 1 2 2
Penalty Kill - 3 Players Defense
Defense Defense Time % Phy DF OF
1 Chris Phillips Eric Brewer 60 1 2 2
2 Lubomir Visnovsky Karel Pilar 40 1 2 2
4 vs 4 Forward
Center Wing Time % Phy DF OF
1 Dany Heatley Saku Koivu 60 1 2 2
2 Mike Cammalleri Rene Bourque 40 1 2 2
4 vs 4 Defense
Defense Defense Time % Phy DF OF
1 Chris Phillips Eric Brewer 60 1 2 2
2 Lubomir Visnovsky Karel Pilar 40 1 2 2
Last Minutes Offensive
Center Left Wing Right Wing Defense Defense
Saku Koivu Dany Heatley Rene Bourque Chris Phillips Eric Brewer
Last Minutes Defensive
Center Left Wing Right Wing Defense Defense
Saku Koivu Dany Heatley Rene Bourque Chris Phillips Eric Brewer
Goaltenders
Starting : Roberto Luongo
Backup : John Grahame
Extra Forwards
Normal : Matt Pettinger, Kris Vernarsky, Valeri Bure - PP : Matt Pettinger, Kris Vernarsky - PK : Valeri Bure
Extra Defensemen
Normal : Cory Sarich, Ian Moran, Lubomir Visnovsky - PP : Cory Sarich - PK : Ian Moran, Lubomir Visnovsky
Penalty Shots
Dany Heatley, Saku Koivu, Mike Cammalleri, Rene Bourque, Matt Pettinger
Sabres
5 vs 5 Forward
Center Left Wing Right Wing Time % Phy DF OF
1 Mats Sundin Markus Naslund Daniel Cleary 32 2 1 2
2 Brendan Morrison Andreas Johansson Daniel Alfredsson 30 2 1 2
3 Boyd Devereaux Ladislav Nagy Niklas Sundstrom 24 0 3 2
4 Jochen Hecht Martin Sonnenberg Niclas Bergfors 14 0 3 2
5 vs 5 Defense
Defense Defense Time % Phy DF OF
1 Ole-Kristian Tollefsen Michal Rozsival 38 1 3 1
2 Dave Tanabe Christian Laflamme 32 1 3 1
3 Niclas Havelid Mattias Timander 30 1 3 1
4 Niclas Havelid Mattias Timander 0 1 3 1
PowerPlay Forward
Center Left Wing Right Wing Time % Phy DF OF
1 Mats Sundin Markus Naslund Daniel Alfredsson 60 2 0 3
2 Brendan Morrison Andreas Johansson Niclas Bergfors 40 1 0 4
PowerPlay Defense
Defense Defense Time % Phy DF OF
1 Dave Tanabe Michal Rozsival 60 0 2 3
2 Niclas Havelid Mattias Timander 40 0 2 3
Penalty Kill 4 Players Forward
Center Wing Time % Phy DF OF
1 Brendan Morrison Daniel Alfredsson 60 1 3 1
2 Mats Sundin Markus Naslund 40 1 3 1
Penalty Kill 4 Players Defense
Defense Defense Time % Phy DF OF
1 Ole-Kristian Tollefsen Christian Laflamme 60 1 2 2
2 Dave Tanabe Michal Rozsival 40 1 2 2
Penalty Kill - 3 Players Forward
Forward Time % Phy DF OF
1 Brendan Morrison 60 1 4 0
2 Mats Sundin 40 1 4 0
Penalty Kill - 3 Players Defense
Defense Defense Time % Phy DF OF
1 Ole-Kristian Tollefsen Christian Laflamme 60 1 2 2
2 Dave Tanabe Michal Rozsival 40 1 2 2
4 vs 4 Forward
Center Wing Time % Phy DF OF
1 Brendan Morrison Daniel Alfredsson 60 1 2 2
2 Mats Sundin Markus Naslund 40 1 2 2
4 vs 4 Defense
Defense Defense Time % Phy DF OF
1 Mattias Timander Niclas Havelid 60 1 3 1
2 Dave Tanabe Michal Rozsival 40 1 3 1
Last Minutes Offensive
Center Left Wing Right Wing Defense Defense
Mats Sundin Markus Naslund Daniel Alfredsson Brendan Morrison Michal Rozsival
Last Minutes Defensive
Center Left Wing Right Wing Defense Defense
Boyd Devereaux Markus Naslund Daniel Alfredsson Ole-Kristian Tollefsen Christian Laflamme
Goaltenders
Starting : Niklas Backstrom
Backup : Dan Cloutier
Extra Forwards
Normal : Niclas Bergfors, Niklas Sundstrom, Jochen Hecht - PP : Martin Sonnenberg, Ladislav Nagy - PK : Boyd Devereaux
Extra Defensemen
Normal : Christian Laflamme, Ole-Kristian Tollefsen, Michal Rozsival - PP : Ole-Kristian Tollefsen - PK : Mattias Timander, Niclas Havelid
Penalty Shots
Daniel Alfredsson, Markus Naslund, Mats Sundin, Brendan Morrison, Ladislav Nagy
% Time on Ice - Nordiques
Lines # - Real PCT - Wanted PCT - Time Play
Normal Forward
1 - 32% - 40% - 12:59
2 - 26% - 30% - 10:24
3 - 25% - 20% - 10:08
4 - 17% - 10% - 6:53
Normal Defense
1 - 40% - 40% - 16:19
2 - 28% - 30% - 11:18
3 - 28% - 20% - 11:27
4 - 3% - 10% - 1:20
PP Forward
1 - 58% - 60% - 5:31
2 - 42% - 40% - 4:02
PP Defense
1 - 56% - 60% - 5:23
2 - 44% - 40% - 4:10
PK Forward
1 - 76% - 60% - 3:08
2 - 24% - 40% - 0:58
PK Defense
1 - 47% - 60% - 1:56
2 - 53% - 40% - 2:10
PK3 Forward
1 - 0% - 60%
2 - 0% - 40%
PK3 Defense
1 - 0% - 60%
2 - 0% - 40%
44 Forward
1 - 63% - 60% - 3:45
2 - 37% - 40% - 2:12
44 Defense
1 - 64% - 60% - 3:50
2 - 36% - 40% - 2:07
Last Minute Offensive - 0:00
Last Minute Defensive - 0:00
Total
Forward - 60:00
Defense - 60:00
|
% Time on Ice - Sabres
Lines # - Real PCT - Wanted PCT - Time Play
Normal Forward
1 - 30% - 32% - 12:07
2 - 28% - 30% - 11:11
3 - 25% - 24% - 10:12
4 - 17% - 14% - 6:54
Normal Defense
1 - 40% - 38% - 16:05
2 - 32% - 32% - 12:52
3 - 27% - 30% - 11:02
4 - 1% - 0% - 0:25
PP Forward
1 - 57% - 60% - 2:20
2 - 43% - 40% - 1:46
PP Defense
1 - 49% - 60% - 2:00
2 - 51% - 40% - 2:06
PK Forward
1 - 71% - 60% - 6:24
2 - 29% - 40% - 2:39
PK Defense
1 - 56% - 60% - 5:06
2 - 44% - 40% - 3:57
PK3 Forward
1 - 93% - 60% - 0:28
2 - 7% - 40% - 0:02
PK3 Defense
1 - 83% - 60% - 0:25
2 - 17% - 40% - 0:05
44 Forward
1 - 70% - 60% - 4:11
2 - 30% - 40% - 1:46
44 Defense
1 - 63% - 60% - 3:44
2 - 37% - 40% - 2:13
Last Minute Offensive - 0:00
Last Minute Defensive - 0:00
Total
Forward - 60:00
Defense - 60:00
|
Play by Play
1st period
0:01 of 1st period - Saku Koivu wins face-off versus Mats Sundin in neutral zone.
0:05 of 1st period - Off-side.
0:06 of 1st period - Mats Sundin wins face-off versus Saku Koivu in neutral zone.
0:40 of 1st period - Slapshot by Mike Cammalleri.
0:40 of 1st period - Stopped by Niklas Backstrom without a rebound.
0:41 of 1st period - Kris Vernarsky wins face-off versus Boyd Devereaux in Sabres zone.
1:08 of 1st period - Dave Tanabe is hit by Alexei Ponikarovsky and loses puck.
1:30 of 1st period - Snap shot by Stephen Weiss.
1:30 of 1st period - Deflect By Brian Gionta.
1:30 of 1st period - Stopped by Niklas Backstrom with a rebound.
1:32 of 1st period - Snap shot by Stephen Weiss.
1:32 of 1st period - Shot Misses the Net.
1:34 of 1st period - Wrist shot by Stephen Weiss.
1:34 of 1st period - Stopped by Niklas Backstrom with a rebound.
1:36 of 1st period - Wrist shot by Mike Cammalleri.
1:36 of 1st period - Stopped by Niklas Backstrom with a rebound.
1:51 of 1st period - Minor Penalty to Rene Bourque for Hooking.
1:52 of 1st period - Daniel Alfredsson wins face-off versus Dany Heatley in Nordiques zone.
1:53 of 1st period - Slapshot by Markus Naslund.
1:53 of 1st period - Goal by Markus Naslund - Nordiques : 0 - Sabres : 1.
1:54 of 1st period - Boyd Devereaux wins face-off versus Saku Koivu in neutral zone.
2:19 of 1st period - Eric Brewer is hit by Mats Sundin and loses puck.
3:29 of 1st period - Wrist shot by Ladislav Nagy.
3:29 of 1st period - Stopped by Roberto Luongo without a rebound.
3:30 of 1st period - Mats Sundin wins face-off versus Stephen Weiss in Nordiques zone.
4:02 of 1st period - Wrist shot by Daniel Alfredsson.
4:02 of 1st period - Stopped by Roberto Luongo with a rebound.
4:06 of 1st period - Snap shot by Brendan Morrison.
4:06 of 1st period - Shot Misses the Net.
4:37 of 1st period - Snap shot by Valeri Bure.
4:37 of 1st period - Stopped by Niklas Backstrom with a rebound.
4:39 of 1st period - Slapshot by Karel Pilar.
4:39 of 1st period - Deflect By Mattias Weinhandl.
4:39 of 1st period - Stopped by Niklas Backstrom without a rebound.
4:40 of 1st period - Dave Scatchard wins face-off versus Mats Sundin in Sabres zone.
4:41 of 1st period - Wrist shot by Eric Brewer.
4:41 of 1st period - Stopped by Niklas Backstrom with a rebound.
5:50 of 1st period - Slapshot by Stephen Weiss.
5:50 of 1st period - Stopped by Niklas Backstrom without a rebound.
5:51 of 1st period - Stephen Weiss wins face-off versus Boyd Devereaux in Sabres zone.
5:52 of 1st period - Wrist shot by Mike Cammalleri.
5:52 of 1st period - Shot Blocked by Niklas Sundstrom.
6:04 of 1st period - Snap shot by Stephen Weiss.
6:04 of 1st period - Shot Blocked by Boyd Devereaux.
6:16 of 1st period - Christian Laflamme is hit by Kris Vernarsky and loses puck.
6:25 of 1st period - Snap shot by Valeri Bure.
6:25 of 1st period - Stopped by Niklas Backstrom without a rebound.
6:26 of 1st period - Stephen Weiss wins face-off versus Brendan Morrison in Sabres zone.
6:46 of 1st period - Karel Pilar is hit by Brendan Morrison and loses puck.
7:05 of 1st period - Slapshot by Dany Heatley.
7:05 of 1st period - Shot Misses the Net.
7:07 of 1st period - Slapshot by Lubomir Visnovsky.
7:07 of 1st period - Stopped by Niklas Backstrom with a rebound.
7:23 of 1st period - Snap shot by Kris Vernarsky.
7:23 of 1st period - Stopped by Niklas Backstrom with a rebound.
7:25 of 1st period - Wrist shot by Eric Brewer.
7:25 of 1st period - Deflect By Valeri Bure.
7:25 of 1st period - Shot Blocked by Boyd Devereaux.
7:25 of 1st period - Puck is out of play.
7:26 of 1st period - Saku Koivu wins face-off versus Brendan Morrison in Sabres zone.
7:35 of 1st period - Snap shot by Dany Heatley.
7:35 of 1st period - Shot Misses the Net.
8:37 of 1st period - Off-side.
8:38 of 1st period - Saku Koivu wins face-off versus Markus Naslund in neutral zone.
8:52 of 1st period - Off-side.
8:53 of 1st period - Brendan Morrison wins face-off versus Stephen Weiss in neutral zone.
8:58 of 1st period - Chris Phillips is hit by Daniel Alfredsson and loses puck.
9:05 of 1st period - Wrist shot by Daniel Alfredsson.
9:05 of 1st period - Shot Misses the Net.
9:19 of 1st period - Daniel Cleary is hit by Chris Phillips and loses puck.
9:20 of 1st period - Daniel Cleary from Sabres is injured at 9:20 of 1st period (Fractured Metatarsal (Right Foot)).
9:21 of 1st period - Brendan Morrison wins face-off versus Saku Koivu in Sabres zone.
10:58 of 1st period - Michal Rozsival is hit by Saku Koivu.
11:16 of 1st period - Chris Phillips is hit by Brendan Morrison and loses puck.
11:33 of 1st period - Niclas Bergfors is hit by Matt Pettinger and loses puck.
11:45 of 1st period - Minor Penalty to Markus Naslund for Roughing.
11:46 of 1st period - Saku Koivu wins face-off versus Brendan Morrison in Sabres zone.
11:47 of 1st period - Snap shot by Dany Heatley.
11:47 of 1st period - Deflect By Saku Koivu.
11:47 of 1st period - Stopped by Niklas Backstrom with a rebound.
11:49 of 1st period - Slapshot by Chris Phillips.
11:49 of 1st period - Stopped by Niklas Backstrom with a rebound.
11:51 of 1st period - Slapshot by Rene Bourque.
11:51 of 1st period - Shot Misses the Net.
12:15 of 1st period - Snap shot by Brian Gionta.
12:15 of 1st period - Shot Blocked by Christian Laflamme.
13:45 of 1st period - Penalty to Markus Naslund is over, Markus Naslund is back on ice.
14:36 of 1st period - Snap shot by Boyd Devereaux.
14:36 of 1st period - Shot Misses the Net.
14:38 of 1st period - Snap shot by Niclas Havelid.
14:38 of 1st period - Shot Blocked by Ian Moran.
16:24 of 1st period - Minor Penalty to Ladislav Nagy for Holding.
16:24 of 1st period - Minor Penalty to Cory Sarich for Interference.
16:25 of 1st period - Saku Koivu wins face-off versus Brendan Morrison in Nordiques zone.
16:32 of 1st period - Wrist shot by Brendan Morrison.
16:32 of 1st period - Shot Misses the Net.
16:36 of 1st period - Snap shot by Daniel Alfredsson.
16:36 of 1st period - Stopped by Roberto Luongo with a rebound.
16:38 of 1st period - Slapshot by Mattias Timander.
16:38 of 1st period - Deflect By Dany Heatley.
16:38 of 1st period - Stopped by Roberto Luongo without a rebound.
16:39 of 1st period - Brendan Morrison wins face-off versus Dany Heatley in Nordiques zone.
17:05 of 1st period - Eric Brewer is hit by Daniel Alfredsson.
17:55 of 1st period - Backhand shot by Niklas Sundstrom.
17:55 of 1st period - Stopped by Roberto Luongo with a rebound.
17:57 of 1st period - Slapshot by Dave Tanabe.
17:57 of 1st period - Shot Misses the Net.
18:24 of 1st period - Penalty to Ladislav Nagy is over, Ladislav Nagy is back on ice.
18:24 of 1st period - Penalty to Cory Sarich is over, Cory Sarich is back on ice.
19:15 of 1st period - Lubomir Visnovsky is hit by Martin Sonnenberg and loses puck.
19:30 of 1st period - Niklas Sundstrom is hit by Dany Heatley and loses puck.
2nd period
0:01 of 2nd period - Mats Sundin wins face-off versus Dany Heatley in neutral zone.
0:27 of 2nd period - Minor Penalty to Dave Tanabe for Roughing.
0:27 of 2nd period - Minor Penalty to Mike Cammalleri for Hooking.
0:28 of 2nd period - Dany Heatley wins face-off versus Brendan Morrison in Sabres zone.
1:04 of 2nd period - Snap shot by Rene Bourque.
1:04 of 2nd period - Deflect By Matt Pettinger.
1:04 of 2nd period - Shot Blocked by Mattias Timander.
1:04 of 2nd period - Puck is out of play.
1:05 of 2nd period - Matt Pettinger wins face-off versus Brendan Morrison in Sabres zone.
1:09 of 2nd period - Off-side.
1:10 of 2nd period - Dany Heatley wins face-off versus Brendan Morrison in neutral zone.
1:23 of 2nd period - Snap shot by Brendan Morrison.
1:23 of 2nd period - Stopped by Roberto Luongo with a rebound.
2:27 of 2nd period - Penalty to Dave Tanabe is over, Dave Tanabe is back on ice.
2:27 of 2nd period - Penalty to Mike Cammalleri is over, Mike Cammalleri is back on ice.
2:41 of 2nd period - Wrist shot by Mike Cammalleri.
2:41 of 2nd period - Stopped by Niklas Backstrom with a rebound.
2:43 of 2nd period - Backhand shot by Eric Brewer.
2:43 of 2nd period - Shot Blocked by Niclas Havelid.
2:45 of 2nd period - Slapshot by Saku Koivu.
2:45 of 2nd period - Shot Misses the Net.
2:47 of 2nd period - Snap shot by Dany Heatley.
2:47 of 2nd period - Stopped by Niklas Backstrom with a rebound.
2:49 of 2nd period - Slapshot by Saku Koivu.
2:49 of 2nd period - Stopped by Niklas Backstrom with a rebound.
2:51 of 2nd period - Slapshot by Chris Phillips.
2:51 of 2nd period - Stopped by Niklas Backstrom without a rebound.
2:52 of 2nd period - Kris Vernarsky wins face-off versus Niklas Sundstrom in Sabres zone.
3:49 of 2nd period - Backhand shot by Karel Pilar.
3:49 of 2nd period - Goal by Karel Pilar - Nordiques : 1 - Sabres : 1.
3:50 of 2nd period - Mats Sundin wins face-off versus Saku Koivu in neutral zone.
4:05 of 2nd period - Snap shot by Markus Naslund.
4:05 of 2nd period - Shot Blocked by Chris Phillips.
4:18 of 2nd period - Icing by Eric Brewer.
4:19 of 2nd period - Stephen Weiss wins face-off versus Boyd Devereaux in Nordiques zone.
4:29 of 2nd period - Eric Brewer is hit by Boyd Devereaux and loses puck.
4:35 of 2nd period - Minor Penalty to Ladislav Nagy for Slashing.
4:35 of 2nd period - Minor Penalty to Eric Brewer for Tripping.
4:36 of 2nd period - Brendan Morrison wins face-off versus Dany Heatley in Nordiques zone.
4:37 of 2nd period - Snap shot by Daniel Alfredsson.
4:37 of 2nd period - Shot Misses the Net.
4:39 of 2nd period - Slapshot by Niclas Havelid.
4:39 of 2nd period - Shot Misses the Net.
5:14 of 2nd period - Off-side.
5:15 of 2nd period - Mats Sundin wins face-off versus Mike Cammalleri in neutral zone.
5:29 of 2nd period - Slapshot by Mats Sundin.
5:29 of 2nd period - Goal by Mats Sundin - Nordiques : 1 - Sabres : 2.
5:30 of 2nd period - Dany Heatley wins face-off versus Brendan Morrison in neutral zone.
5:35 of 2nd period - Wrist shot by Dany Heatley.
5:35 of 2nd period - Stopped by Niklas Backstrom with a rebound.
5:39 of 2nd period - Snap shot by Dany Heatley.
5:39 of 2nd period - Shot Misses the Net.
6:35 of 2nd period - Penalty to Ladislav Nagy is over, Ladislav Nagy is back on ice.
6:35 of 2nd period - Penalty to Eric Brewer is over, Eric Brewer is back on ice.
7:03 of 2nd period - Mattias Weinhandl is hit by Mattias Timander and loses puck.
7:12 of 2nd period - Wrist shot by Martin Sonnenberg.
7:12 of 2nd period - Shot Misses the Net.
7:29 of 2nd period - Wrist shot by Mike Cammalleri.
7:29 of 2nd period - Stopped by Niklas Backstrom with a rebound.
8:41 of 2nd period - Wrist shot by Brendan Morrison.
8:41 of 2nd period - Stopped by Roberto Luongo with a rebound.
8:53 of 2nd period - Snap shot by Niclas Bergfors.
8:53 of 2nd period - Deflect By Lubomir Visnovsky.
8:53 of 2nd period - Stopped by Roberto Luongo with a rebound.
9:26 of 2nd period - Wrist shot by Andreas Johansson.
9:26 of 2nd period - Stopped by Roberto Luongo with a rebound.
9:43 of 2nd period - Ladislav Nagy is hit by Eric Brewer and loses puck.
10:34 of 2nd period - Karel Pilar is hit by Daniel Alfredsson and loses puck.
10:49 of 2nd period - Wrist shot by Mike Cammalleri.
10:49 of 2nd period - Stopped by Niklas Backstrom with a rebound.
11:07 of 2nd period - Wrist shot by Ladislav Nagy.
11:07 of 2nd period - Shot Misses the Net.
11:11 of 2nd period - Wrist shot by Ladislav Nagy.
11:11 of 2nd period - Shot Blocked by Alexei Ponikarovsky.
11:13 of 2nd period - Snap shot by Ladislav Nagy.
11:13 of 2nd period - Shot Misses the Net.
11:23 of 2nd period - Niclas Bergfors is hit by Valeri Bure and loses puck.
11:38 of 2nd period - Niclas Bergfors is hit by Dany Heatley.
11:42 of 2nd period - Michal Rozsival is hit by Ian Moran and loses puck.
11:58 of 2nd period - Minor Penalty to Ladislav Nagy for High sticking.
11:59 of 2nd period - Brendan Morrison wins face-off versus Rene Bourque in Sabres zone.
12:10 of 2nd period - Slapshot by Chris Phillips.
12:10 of 2nd period - Stopped by Niklas Backstrom without a rebound.
12:11 of 2nd period - Brendan Morrison wins face-off versus Saku Koivu in Sabres zone.
13:27 of 2nd period - Minor Penalty to Christian Laflamme for Tripping.
13:28 of 2nd period - Saku Koivu wins face-off versus Brendan Morrison in Sabres zone.
13:58 of 2nd period - Penalty to Ladislav Nagy is over, Ladislav Nagy is back on ice.
14:19 of 2nd period - Snap shot by Ladislav Nagy.
14:19 of 2nd period - Shot Blocked by Karel Pilar.
15:01 of 2nd period - Eric Brewer is hit by Mattias Timander and loses puck.
15:27 of 2nd period - Penalty to Christian Laflamme is over, Christian Laflamme is back on ice.
15:40 of 2nd period - Minor Penalty to Dave Scatchard for Interference.
15:41 of 2nd period - Mats Sundin wins face-off versus Dany Heatley in Nordiques zone.
17:32 of 2nd period - Valeri Bure is hit by Ladislav Nagy and loses puck.
17:40 of 2nd period - Penalty to Dave Scatchard is over, Dave Scatchard is back on ice.
17:41 of 2nd period - Snap shot by Michal Rozsival.
17:41 of 2nd period - Stopped by Roberto Luongo with a rebound.
17:43 of 2nd period - Snap shot by Christian Laflamme.
17:43 of 2nd period - Stopped by Roberto Luongo with a rebound.
17:45 of 2nd period - Snap shot by Niklas Sundstrom.
17:45 of 2nd period - Stopped by Roberto Luongo without a rebound.
17:46 of 2nd period - Stephen Weiss wins face-off versus Boyd Devereaux in Nordiques zone.
18:19 of 2nd period - Snap shot by Niclas Bergfors.
18:19 of 2nd period - Shot Misses the Net.
18:21 of 2nd period - Slapshot by Mattias Timander.
18:21 of 2nd period - Stopped by Roberto Luongo with a rebound.
18:23 of 2nd period - Slapshot by Niclas Havelid.
18:23 of 2nd period - Deflect By Niclas Bergfors.
18:23 of 2nd period - Shot Misses the Net.
18:23 of 2nd period - Puck is out of play.
18:24 of 2nd period - Mats Sundin wins face-off versus Saku Koivu in Nordiques zone.
18:27 of 2nd period - Slapshot by Mats Sundin.
18:27 of 2nd period - Stopped by Roberto Luongo without a rebound.
18:28 of 2nd period - Mats Sundin wins face-off versus Saku Koivu in Nordiques zone.
18:36 of 2nd period - Dave Tanabe is hit by Cory Sarich.
19:43 of 2nd period - Niclas Bergfors is hit by Cory Sarich and loses puck.
19:51 of 2nd period - Wrist shot by Niclas Bergfors.
19:51 of 2nd period - Shot Misses the Net.
19:53 of 2nd period - Snap shot by Markus Naslund.
19:53 of 2nd period - Stopped by Roberto Luongo without a rebound.
19:54 of 2nd period - Stephen Weiss wins face-off versus Brendan Morrison in Nordiques zone.
3rd period
0:01 of 3rd period - Mats Sundin wins face-off versus Saku Koivu in neutral zone.
1:00 of 3rd period - Snap shot by Valeri Bure.
1:00 of 3rd period - Stopped by Niklas Backstrom without a rebound.
1:01 of 3rd period - Saku Koivu wins face-off versus Mats Sundin in Sabres zone.
1:33 of 3rd period - Snap shot by Valeri Bure.
1:33 of 3rd period - Stopped by Niklas Backstrom without a rebound.
1:34 of 3rd period - Kris Vernarsky wins face-off versus Andreas Johansson in Sabres zone.
1:47 of 3rd period - Cory Sarich is hit by Michal Rozsival and loses puck.
2:00 of 3rd period - Matt Pettinger is hit by Niklas Sundstrom and loses puck.
2:05 of 3rd period - Wrist shot by Boyd Devereaux.
2:05 of 3rd period - Shot Misses the Net.
2:24 of 3rd period - Snap shot by Dany Heatley.
2:24 of 3rd period - Stopped by Niklas Backstrom without a rebound.
2:25 of 3rd period - Saku Koivu wins face-off versus Niclas Bergfors in Sabres zone.
3:15 of 3rd period - Boyd Devereaux is hit by Lubomir Visnovsky and loses puck.
3:36 of 3rd period - Off-side.
3:37 of 3rd period - Kris Vernarsky wins face-off versus Mats Sundin in neutral zone.
3:39 of 3rd period - Off-side.
3:40 of 3rd period - Mats Sundin wins face-off versus Saku Koivu in neutral zone.
3:49 of 3rd period - Slapshot by Markus Naslund.
3:49 of 3rd period - Stopped by Roberto Luongo with a rebound.
3:51 of 3rd period - Snap shot by Ole-Kristian Tollefsen.
3:51 of 3rd period - Stopped by Roberto Luongo without a rebound.
3:52 of 3rd period - Mats Sundin wins face-off versus Saku Koivu in Nordiques zone.
4:01 of 3rd period - Slapshot by Markus Naslund.
4:01 of 3rd period - Shot Blocked by Eric Brewer.
5:06 of 3rd period - Minor Penalty to Cory Sarich for Slashing.
5:07 of 3rd period - Mats Sundin wins face-off versus Dany Heatley in Nordiques zone.
5:12 of 3rd period - Snap shot by Mats Sundin.
5:12 of 3rd period - Deflect By Dany Heatley.
5:12 of 3rd period - Goal by Mats Sundin - Nordiques : 1 - Sabres : 3.
5:13 of 3rd period - Niclas Bergfors wins face-off versus Saku Koivu in neutral zone.
5:38 of 3rd period - Niclas Havelid is hit by Kris Vernarsky and loses puck.
5:48 of 3rd period - Minor Penalty to Markus Naslund for Hooking.
5:49 of 3rd period - Saku Koivu wins face-off versus Brendan Morrison in Sabres zone.
5:50 of 3rd period - Snap shot by Rene Bourque.
5:50 of 3rd period - Shot Blocked by Daniel Alfredsson.
5:56 of 3rd period - Wrist shot by Saku Koivu.
5:56 of 3rd period - Stopped by Niklas Backstrom with a rebound.
6:33 of 3rd period - Dave Tanabe is hit by Mike Cammalleri and loses puck.
7:48 of 3rd period - Penalty to Markus Naslund is over, Markus Naslund is back on ice.
7:54 of 3rd period - Snap shot by Kris Vernarsky.
7:54 of 3rd period - Shot Blocked by Ole-Kristian Tollefsen.
8:02 of 3rd period - Slapshot by Markus Naslund.
8:02 of 3rd period - Stopped by Roberto Luongo with a rebound.
8:04 of 3rd period - Wrist shot by Andreas Johansson.
8:04 of 3rd period - Shot Misses the Net.
8:06 of 3rd period - Snap shot by Boyd Devereaux.
8:06 of 3rd period - Shot Blocked by Cory Sarich.
8:08 of 3rd period - Slapshot by Ole-Kristian Tollefsen.
8:08 of 3rd period - Shot Misses the Net.
8:10 of 3rd period - Snap shot by Boyd Devereaux.
8:10 of 3rd period - Deflect By Markus Naslund.
8:10 of 3rd period - Stopped by Roberto Luongo with a rebound.
8:14 of 3rd period - Snap shot by Andreas Johansson.
8:14 of 3rd period - Shot Misses the Net.
8:16 of 3rd period - Slapshot by Ole-Kristian Tollefsen.
8:16 of 3rd period - Shot Misses the Net.
8:18 of 3rd period - Slapshot by Christian Laflamme.
8:18 of 3rd period - Stopped by Roberto Luongo without a rebound.
8:19 of 3rd period - Dave Scatchard wins face-off versus Martin Sonnenberg in Nordiques zone.
8:19 of 3rd period - Dave Scatchard is hit by Niclas Bergfors.
8:45 of 3rd period - Mattias Weinhandl is hit by Mats Sundin.
9:13 of 3rd period - Minor Penalty to Ole-Kristian Tollefsen for Slashing.
9:14 of 3rd period - Dany Heatley wins face-off versus Brendan Morrison in Sabres zone.
9:25 of 3rd period - Snap shot by Brendan Morrison.
9:25 of 3rd period - Shot Blocked by Chris Phillips.
10:04 of 3rd period - Slapshot by Markus Naslund.
10:04 of 3rd period - Goal by Markus Naslund - Nordiques : 1 - Sabres : 4.
10:05 of 3rd period - Dany Heatley wins face-off versus Brendan Morrison in neutral zone.
10:09 of 3rd period - Off-side.
10:10 of 3rd period - Brendan Morrison wins face-off versus Saku Koivu in neutral zone.
10:21 of 3rd period - Snap shot by Brendan Morrison.
10:21 of 3rd period - Shot Blocked by Saku Koivu.
11:13 of 3rd period - Penalty to Ole-Kristian Tollefsen is over, Ole-Kristian Tollefsen is back on ice.
11:46 of 3rd period - Minor Penalty to Eric Brewer for Boarding.
11:47 of 3rd period - Mats Sundin wins face-off versus Dany Heatley in Nordiques zone.
12:19 of 3rd period - Ian Moran is hit by Mattias Timander and loses puck.
12:34 of 3rd period - Daniel Alfredsson is hit by Mike Cammalleri.
13:09 of 3rd period - Michal Rozsival is hit by Karel Pilar and loses puck.
13:46 of 3rd period - Penalty to Eric Brewer is over, Eric Brewer is back on ice.
14:06 of 3rd period - Cory Sarich is hit by Niklas Sundstrom and loses puck.
14:21 of 3rd period - Slapshot by Cory Sarich.
14:21 of 3rd period - Stopped by Niklas Backstrom with a rebound.
14:57 of 3rd period - Niclas Bergfors is hit by Stephen Weiss and loses puck.
15:52 of 3rd period - Snap shot by Lubomir Visnovsky.
15:52 of 3rd period - Shot Misses the Net.
15:54 of 3rd period - Snap shot by Mattias Weinhandl.
15:54 of 3rd period - Goal by Mattias Weinhandl - Nordiques : 2 - Sabres : 4.
15:55 of 3rd period - Boyd Devereaux wins face-off versus Kris Vernarsky in neutral zone.
16:04 of 3rd period - Backhand shot by Niklas Sundstrom.
16:04 of 3rd period - Stopped by Roberto Luongo without a rebound.
16:05 of 3rd period - Boyd Devereaux wins face-off versus Kris Vernarsky in Nordiques zone.
16:06 of 3rd period - Slapshot by Ladislav Nagy.
16:06 of 3rd period - Shot Hit the Post.
16:08 of 3rd period - Slapshot by Ladislav Nagy.
16:08 of 3rd period - Stopped by Roberto Luongo with a rebound.
16:18 of 3rd period - Wrist shot by Niklas Sundstrom.
16:18 of 3rd period - Stopped by Roberto Luongo with a rebound.
16:20 of 3rd period - Slapshot by Dave Tanabe.
16:20 of 3rd period - Stopped by Roberto Luongo with a rebound.
16:22 of 3rd period - Slapshot by Christian Laflamme.
16:22 of 3rd period - Shot Misses the Net.
16:24 of 3rd period - Wrist shot by Christian Laflamme.
16:24 of 3rd period - Stopped by Roberto Luongo with a rebound.
16:26 of 3rd period - Slapshot by Niklas Sundstrom.
16:26 of 3rd period - Shot Misses the Net.
16:28 of 3rd period - Snap shot by Niklas Sundstrom.
16:28 of 3rd period - Shot Misses the Net.
16:40 of 3rd period - Christian Laflamme is hit by Matt Pettinger.
17:08 of 3rd period - Backhand shot by Ladislav Nagy.
17:08 of 3rd period - Stopped by Roberto Luongo without a rebound.
17:09 of 3rd period - Saku Koivu wins face-off versus Jochen Hecht in Nordiques zone.
18:58 of 3rd period - Brendan Morrison is hit by Stephen Weiss and loses puck.
19:09 of 3rd period - Andreas Johansson is hit by Dany Heatley.
19:37 of 3rd period - Lubomir Visnovsky is hit by Jochen Hecht and loses puck.
19:51 of 3rd period - Minor Penalty to Daniel Alfredsson for Cross-checking.
19:52 of 3rd period - Brendan Morrison wins face-off versus Saku Koivu in Sabres zone.
19:58 of 3rd period - Off-side.
19:59 of 3rd period - Brendan Morrison wins face-off versus Saku Koivu in neutral zone.
Output by the SimonT Hockey Simulator (STHS) for François Prévost -- Original Page W3C XHTML 1.0 Valid